 Dungeon Crawl Stone Soup version 0.16.1 (webtiles) character file.

20986 Meow the Nimble (level 12, -1/87 HPs)
             Began as an Octopode Wizard on Mar 25, 2015.
             Was a High Priest of Okawaru.
             Shot with an arrow by a naga sharpshooter (32 damage)
             ... on level 1 of the Snake Pit.
             The game lasted 01:49:13 (22442 turns).

Meow the Nimble (Octopode Wizard)                  Turns: 22442, Time: 01:49:13

Health: -1/87      AC:  5    Str:  9    XL:     12   Next: 85%
Magic:  22/28      EV: 17    Int: 25    God:    Okawaru [*****.]
Gold:   333        SH:  0    Dex: 11    Spells: 6 memorised, 14 levels left

rFire  + . .     SeeInvis .     a - +4 quarterstaff (chaos)
rCold  + . .     Clarity  .     (no shield)
rNeg   + . .     SustAb   .     Y - +0 hat
rPois  +         Gourm    .     f - amulet of warding
rElec  .         Spirit   .     i - +4 ring of protection
rCorr  .         Warding  +     s - +3 ring of strength
rMut   .         Stasis   .     v - ring of stealth
MR     .....                    B - ring of protection from cold
Stlth  +++++.....               F - ring of poison resistance (curse)
                                x - ring of protection from fire
                                (no ring)
                                (no ring)

@: about to teleport, not resistant to hostile enchantments, quite stealthy
A: almost no armour, amphibious, 8 rings, constrict 8, camouflage 1, spit poison
1, gelatinous body 1
a: Spit Poison, Heroism, Finesse, Renounce Religion


You were on level 1 of the Snake Pit.
You worshipped Okawaru.
Okawaru was extremely pleased with you.
You were hungry.

You visited 4 branches of the dungeon, and saw 16 of its levels.

You collected 333 gold pieces.

Inventory:

Hand weapons
 a - a +4 quarterstaff of chaos (weapon)
 b - a +0 quarterstaff of freezing
 o - a +3 quick blade
Armour
 O - a +2 shield of reflection (quivered)
 Y - a +0 hat (worn)
Jewellery
 f - an amulet of warding (around mantle)
 i - a +4 ring of protection (left tentacle)
 s - a +3 ring of strength (right tentacle)
 v - a ring of stealth (on tentacle)
 x - a ring of protection from fire (on tentacle)
 y - an uncursed amulet of stasis
 B - a ring of protection from cold (on tentacle)
 F - a cursed ring of poison resistance (on tentacle)
 X - an uncursed ring of ice
Magical devices
 g - a wand of teleportation (8)
 m - a wand of fire (8)
 C - a wand of cold (0)
 D - a wand of paralysis (14)
 I - a wand of random effects (0)
 J - a wand of random effects (0)
 P - a wand of draining (2)
 R - a wand of flame (23)
 T - a wand of disintegration (7)
 V - a wand of flame (30)
Scrolls
 k - 2 scrolls of recharging
 n - 3 scrolls of identify
 r - 9 scrolls of remove curse
 t - 2 scrolls of magic mapping
 u - 3 scrolls of amnesia
 L - a scroll of brand weapon {unknown}
 Q - a scroll of fog
Potions
 e - 5 potions of curing
 j - 3 potions of agility
 E - a potion of berserk rage
 G - a potion of brilliance
 K - a potion of flight {unknown}
 M - a potion of mutation {unknown}
 S - a potion of resistance {unknown}
 U - a potion of restore abilities {unknown}
Books
 c - a book of Minor Magic

   Spells                             Type                      Level
   a - Magic Dart                     Conjuration                  1
   b - Blink                          Translocation                2
   c - Call Imp                       Summoning                    2
   d - Repel Missiles                 Charms/Air                   2
   e - Slow                           Hexes                        2
   f - Conjure Flame                  Conjuration/Fire             3
   g - Mephitic Cloud                 Conjuration/Poison/Air       3
Comestibles
 d - 3 bread rations
 h - 4 beef jerkies
 l - 3 slices of pizza
 q - 5 fruits
 w - 9 meat rations
 A - 2 royal jellies


   Skills:
 - Level 10.1 Fighting
 - Level 10.5 Dodging
 + Level 4.7 Stealth
 - Level 9.4 Unarmed Combat
 - Level 8.3 Spellcasting
 - Level 7.3 Conjurations
   Level 1.0 Summonings
 - Level 1.0 Translocations
 - Level 2.2 Air Magic
 - Level 4.0 Poison Magic


You had 14 spell levels left.
You knew the following spells:

 Your Spells              Type           Power        Failure   Level  Hunger
a - Magic Dart            Conj           ####         1%          1    None
c - Mephitic Cloud        Conj/Pois/Air  ####....     2%          3    None
f - Repel Missiles        Chrm/Air       ###...       8%          2    None
s - Slow                  Hex            ##......     10%         2    None
t - Blink                 Tloc           N/A          8%          2    None
F - Conjure Flame         Conj/Fire      ####....     4%          3    None


Dungeon Overview and Level Annotations

Branches:
Dungeon (9/15)             Temple (1/1) D:6            Lair (5/8) D:9
  Snake (1/5) Lair:5
  Swamp: Lair:3-6    Shoals: Lair:3-6       Orc: D:9-12

Altars:
Ashenzari
Cheibriados
Dithmenos
Elyvilon
Fedhas
Gozag
Kikubaaqudgha
Makhleb
Nemelex Xobeh
Okawaru
Qazlal
Ru
Sif Muna
Trog
Vehumet
Xom
Yredelemnul
Zin
The Shining One

Annotations:
D:8 Maurice
Lair:2 exclusion: 4 oklob plants
Snake:1 Nikola


Innate Abilities, Weirdness & Mutations

You cannot wear most types of armour.
You are amphibious.
You can wear up to eight rings at the same time.
You can use your tentacles to constrict many enemies at once.
Your skin changes colour to match your surroundings (Stealth).
Your rubbery body absorbs attacks (AC +1).
You can spit poison.


Message History

The arrow hits you!
You hear a shout!
You hit the naga sharpshooter.
You feel better.
The naga sharpshooter is moderately wounded.
The naga sharpshooter shoots an arrow.
The arrow hits you!
You hit the naga sharpshooter.
The naga sharpshooter is moderately wounded.
The naga sharpshooter mumbles some strange words.
The naga sharpshooter magically shoots an arrow.
The arrow hits you!!
Read which item? (? for menu, Esc to quit)
Okay, then.
Evoke which item? (* to show all) (? for menu, Esc to quit)
Zapping:
g - a wand of teleportation (9)
Press: ? - help, Shift-Dir - straight line, f - you You feel strangely unstable.
This wand has 8 charges left.
The naga sharpshooter gestures wildly while chanting.
The naga sharpshooter magically shoots an arrow.
The arrow hits you!!
You die...

#######.### .##. #.# # #.# .#.
#.# # #># .' #.# # #.# # N#
... #.# #N#####N# ##... #.#
####..NN.# ##....
#######.######..###ยง###
.......
...............##N#...##
........
...............#@#..N#.#
........
.....(...#####.#.#...#.#
........ .#######.#
#.#.#.8.#.#......... .#
##.#######.#...#.#......... .#
####........#.#...#.##########
.#
#...........##.....##....#####
.#
#.##.........##.#'##..........
.#
#.###...........#...####......
.###.#
##........####..####.#####


You could see a naga sharpshooter.

Vanquished Creatures
  Maud (Lair:3)
  Fannar (Lair:5)
  2 hydras
  A salamander (Snake:1)
  3 black mambas
  4 elephants
  A torpor snail (Lair:5)
  5 spiny frogs
  A komodo dragon (Lair:5)
  2 trolls
  8 blink frogs
  4 yaks (Lair:5)
  8 hippogriffs
  A deep elf mage (D:7)
  9 wolves
  4 nagas (Lair:5)
  7 orc warriors
  A soldier ant (Lair:4)
  5 porcupines
  2 sky beasts (D:8)
  2 ice beasts
  10 water moccasins
  4 phantoms
  A black bear (D:7)
  A necrophage (D:9)
  3 ogres
  11 crocodiles
  A big kobold (D:9)
  A centaur (D:5)
  13 giant frogs
  A giant frog (shapeshifter) (D:7)
  A gnoll sergeant (D:8)
  Blork the orc (D:7)
  2 scorpions
  3 killer bees (D:6)
  2 goliath beetles (D:9)
  6 hounds
  2 electric eels (Lair:4)
  A gnoll shaman (D:4)
  2 giant frog skeletons
  A jelly (D:8)
  Crazy Yiuf (D:2)
  4 orc priests
  15 iguanas
  A centaur skeleton (D:9)
  5 orc wizards
  6 worker ants
  A killer bee zombie (D:7)
  6 sheep
  Ijyb (D:7)
  A mummy (D:9)
  A hound skeleton (D:7)
  A worker ant zombie (D:6)
  Robin (D:2)
  22 adders
  15 gnolls
  10 river rats (Lair:2)
  2 giant mites
  4 worms
  3 adder skeletons
  5 giant geckos
  32 orcs
  3 ball pythons
  16 bats
  A bat skeleton (D:5)
  A bat zombie (D:8)
  14 goblins
  17 hobgoblins
  An ooze (D:5)
  13 quokkas
  5 giant cockroaches
  3 giant newts
  6 jackals
  20 kobolds
  A quokka skeleton (D:3)
  19 rats
  3 butterflies
  3 fungi
402 creatures vanquished.

Vanquished Creatures (others)
  An elephant (Lair:5)
  A worker ant (Lair:3)
  2 fungi (Lair:5)
4 creatures vanquished.

Grand Total: 406 creatures vanquished

Notes
Turn   | Place    | Note
--------------------------------------------------------------
     0 | D:1      | Meow, the Octopode Wizard, began the quest for the Orb.
     0 | D:1      | Reached XP level 1. HP: 11/11 MP: 4/4
   101 | D:1      | Reached skill level 1 in Fighting
   192 | D:1      | Reached XP level 2. HP: 18/18 MP: 1/6
   791 | D:2      | Learned a level 2 spell: Repel Missiles
   832 | D:2      | Reached XP level 3. HP: 13/25 MP: 2/7
   837 | D:2      | Learned a level 3 spell: Mephitic Cloud
  1080 | D:2      | Found an opulent altar of Gozag.
  1181 | D:2      | Noticed Crazy Yiuf
  1340 | D:2      | Killed Crazy Yiuf
  1340 | D:2      | Reached XP level 4. HP: 23/31 MP: 3/9
  1501 | D:2      | Noticed Robin
  1508 | D:2      | Killed Robin
  1528 | D:2      | Reached skill level 4 in Fighting
  1643 | D:2      | Learned a level 2 spell: Blink
  1962 | D:2      | Found a stormy altar of Qazlal.
  2125 | D:2      | Reached XP level 5. HP: 38/38 MP: 7/11
  2585 | D:3      | Reached skill level 5 in Fighting
  2939 | D:3      | Found a burning altar of Makhleb.
  3012 | D:3      | Found a snail-covered altar of Cheibriados.
  3213 | D:4      | Reached XP level 6. HP: 43/45 MP: 9/12
  3292 | D:4      | Found a blossoming altar of Fedhas.
  3527 | D:4      | Found an iron altar of Okawaru.
  3530 | D:4      | Found a bloodstained altar of Trog.
  3573 | D:4      | Reached skill level 6 in Fighting
  4121 | D:4      | Reached skill level 1 in Poison Magic
  4285 | D:4      | Reached skill level 1 in Air Magic
  4369 | D:4      | You fall through a shaft!
  4369 | D:5      | Entered Level 5 of the Dungeon
  4553 | D:4      | Reached XP level 7. HP: 25/53 MP: 0/14
  5180 | D:5      | Found a burning altar of Makhleb.
  5479 | D:5      | Reached skill level 1 in Unarmed Combat
  6283 | D:6      | Found a staircase to the Ecumenical Temple.
  6566 | D:6      | Gained mutation: You can spit poison. [potion of beneficial mutation]
  6576 | D:6      | Found a shattered altar of Ashenzari.
  6577 | D:6      | Found an ancient bone altar of Kikubaaqudgha.
  6681 | D:6      | Found a shadowy altar of Dithmenos.
  6709 | D:6      | Reached XP level 8. HP: 52/58 MP: 6/16
  6721 | D:6      | Reached skill level 7 in Fighting
  7122 | D:6      | Noticed an angel
  7123 | D:6      | Found a glowing silver altar of Zin.
  7356 | Temple   | Entered the Ecumenical Temple
  7511 | D:4      | Became a worshipper of Warmaster Okawaru
  7878 | D:7      | Acquired Okawaru's first power
  8036 | D:7      | Reached XP level 9. HP: 55/66 MP: 18/18
  8040 | D:7      | Learned a level 2 spell: Slow
  8277 | D:7      | Learned a level 3 spell: Conjure Flame
  8308 | D:7      | Found a basalt altar of Yredelemnul.
  8364 | D:7      | Reached skill level 8 in Fighting
  8652 | D:7      | Found a white marble altar of Elyvilon.
  8881 | D:7      | Noticed Ijyb
  8917 | D:7      | Killed Ijyb
  8942 | D:7      | Noticed Blork the orc
  8949 | D:7      | Killed Blork the orc
  8951 | D:7      | Found a deep blue altar of Sif Muna.
  9013 | D:7      | Reached skill level 5 in Unarmed Combat
  9013 | D:7      | Reached skill level 5 in Conjurations
  9102 | D:7      | You fall through a shaft!
  9887 | D:7      | Found a staircase to the Ecumenical Temple.
 10181 | D:8      | Reached XP level 10. HP: 50/72 MP: 9/21
 10703 | D:9      | Noticed Maurice
 11001 | D:9      | Found a staircase to the Lair.
 11001 | D:9      | Noticed an elephant
 11203 | D:9      | Killed an elephant
 13218 | D:8      | Reached skill level 5 in Dodging
 13312 | Lair:1   | Entered Level 1 of the Lair of Beasts
 13522 | Lair:1   | Reached skill level 5 in Spellcasting
 13745 | Lair:1   | Noticed a five-headed hydra
 13755 | Lair:1   | Killed a five-headed hydra
 13755 | Lair:1   | Reached XP level 11. HP: 36/78 MP: 20/23
 14185 | Lair:1   | Acquired Okawaru's second power
 16336 | Lair:3   | Reached skill level 9 in Dodging
 16857 | Lair:3   | Noticed Maud
 16891 | Lair:3   | Killed Maud
 16891 | Lair:3   | Received a gift from Okawaru
 17227 | Lair:4   | Reached XP level 12. HP: 71/85 MP: 27/27
 17501 | Lair:4   | Reached skill level 10 in Dodging
 17938 | Lair:4   | Noticed a six-headed hydra
 18407 | Lair:4   | Killed a six-headed hydra
 18683 | Lair:5   | Noticed Fannar
 18715 | Lair:5   | Killed Fannar
 18759 | Lair:5   | Found a staircase to the Snake Pit.
 19556 | Lair:5   | Identified a scroll of acquirement
 20968 | Lair:5   | Reached skill level 10 in Fighting
 21299 | Lair:5   | Received a gift from Okawaru
 21313 | Snake:1  | Entered Level 1 of the Snake Pit
 21431 | Snake:1  | Noticed Nikola
 21557 | Snake:1  | Noticed an anaconda
 22357 | Snake:1  | Found a bloodstained altar of Trog.
 22442 | Snake:1  | Shot with an arrow by a naga sharpshooter

Action                   |  1- 3 |  4- 6 |  7- 9 | 10-12 || total
-------------------------+-------+-------+-------+-------++-------
Melee: Unarmed           |     1 |       |       |       ||     1
       Club              |    17 |       |       |       ||    17
       Quarterstaff      |       |   114 |   220 |   517 ||   851
 Cast: Magic Dart        |    29 |   117 |   159 |   251 ||   556
       Mephitic Cloud    |     3 |    17 |    61 |   146 ||   227
       Repel Missiles    |       |       |     2 |     2 ||     4
       Blink             |       |       |     6 |    46 ||    52
       Conjure Flame     |       |       |     5 |    58 ||    63
       Slow              |       |       |       |     2 ||     2
Evoke: Wand              |       |       |       |    47 ||    47
  Use: Potion            |       |       |     8 |     4 ||    12
       Scroll            |       |       |     8 |    26 ||    34
 Stab: Confused          |       |     5 |    14 |    30 ||    49
       Sleeping          |       |     2 |    12 |     3 ||    17
       Petrifying        |       |       |       |     2 ||     2
       Paralysed         |       |       |       |     1 ||     1
  Eat: Chunk             |       |    11 |    22 |    40 ||    73
       Fruit             |       |     2 |       |     3 ||     5
